 Dungeon Crawl Stone Soup version 0.28-a0-465-ge2dae52223 (webtiles) character file.

Game seed: 16856323714128906673

3451 zazu2006 the Sneak (level 10, -5/84 HPs)
             Began as a Naga Hedge Wizard on Sept 15, 2021.
             Was a Follower of Vehumet.
             Killed from afar by an electric eel (6 damage)
             ... with a bolt of electricity
             ... on level 7 of the Dungeon.
             The game lasted 00:21:56 (11679 turns).

zazu2006 the Sneak (Naga Hedge Wizard)             Turns: 11679, Time: 00:21:56

Health: -5/84      AC:  7    Str: 13    XL:     10   Next: 6%
Magic:  6/20       EV: 10    Int: 17    God:    Vehumet [*.....]
Gold:   308        SH:  9    Dex: 11    Spells: 13/22 levels left

rFire   . . .      SeeInvis +   G - +0 long sword
rCold   + . .      Faith    .   D - +0 buckler
rNeg    . . .      Spirit   .   n - +1 leather armour {rC+}
rPois   +          Reflect  +   c - +0 hat
rElec   .          Harm     .   (no cloak)
rCorr   +          Rampage  .   r - +0 pair of gloves
Will    +....                   (no barding)
Stlth   +++.......              w - amulet of reflection
HPRegen 0.24/turn               q - ring of resist corrosion
MPRegen 0.17/turn               (no ring)

@: very slow
A: AC +3, large, see invisible, deformed body, poison resistance, slowness 2,
spit poison 1, naga tail 1
a: Spit Poison, Renounce Religion


You were on level 7 of the Dungeon.
You worshipped Vehumet.
Vehumet was aware of your devotion.
You visited 2 branches of the dungeon, and saw 8 of its levels.

You collected 334 gold pieces.
You spent 26 gold pieces at shops.

Inventory:

Hand Weapons
 C - a +2 spear of flaming
 G - a +0 long sword (weapon)
Missiles
 E - 2 throwing nets
Armour
 c - a +0 hat (worn)
 n - a +1 leather armour of cold resistance (worn)
 r - a +0 pair of gloves (worn)
 D - a +0 buckler (worn)
Jewellery
 q - a ring of resist corrosion (left hand)
 w - an amulet of reflection (around neck)
 x - a ring of fire
Wands
 u - a wand of charming (4)
 v - a wand of paralysis (3)
 A - a wand of digging (13)
Scrolls
 e - 3 scrolls of amnesia {unknown}
 f - a scroll of vulnerability {unknown}
 i - a scroll of immolation {unknown}
 j - 2 scrolls of summoning {unknown}
 l - 3 scrolls of enchant armour {unknown}
 m - 4 scrolls of teleportation {unknown}
 o - 3 scrolls of identify
 p - 2 scrolls of fear {unknown}
 s - a scroll of silence {unknown}
 y - a scroll of enchant weapon {unknown}
 B - a scroll of noise {unknown}
 F - 3 scrolls of fog {unknown}
Potions
 a - a potion of might {unknown}
 b - a potion of magic {unknown}
 d - a potion of haste {unknown}
 g - 2 potions of attraction {unknown}
 h - 2 potions of curing {unknown}
 k - 2 potions of flight {unknown}
 t - 2 potions of heal wounds {unknown}
 z - a potion of cancellation {unknown}
 H - a potion of brilliance {unknown}
 I - a potion of degeneration {unknown}


   Skills:
 + Level 3.1 Fighting
 + Level 3.1 Long Blades
 + Level 3.3 Armour
 + Level 3.5 Dodging
 + Level 7.9 Stealth
 * Level 2.6 Shields
 + Level 6.8 Spellcasting
 + Level 6.1 Conjurations
 + Level 1.0 Summonings
 + Level 1.4 Translocations
 + Level 1.4 Air Magic
 - Level 5.0 Poison Magic
 + Level 0.8 Evocations


You had 13 spell levels left.
You knew the following spells:

 Your Spells              Type           Power      Damage    Failure   Level
a - Magic Dart            Conj           100%       1d8       1%          1
b - Mephitic Cloud        Conj/Pois/Air  20%        N/A       9%          3
c - Conjure Flame         Conj/Fire      16%        6-21      13%         3
d - Blink                 Tloc           N/A        N/A       13%         2

Your spell library contained the following spells:

 Spells                   Type           Power      Damage    Failure   Level
 Sandblast                Erth           10%        2d5       16%         1
 Call Imp                 Summ           9%         N/A       16%         2
 Ensorcelled Hibernation  Hex/Ice        10%        N/A       22%         2
 Slow                     Hex            5%         N/A       22%         2
 Iskenderun's Battlesphe  Conj           26%        2d8       34%         5
 Confusing Touch          Hex            5%         N/A       41%         3
 Frozen Ramparts          Ice            10%        1d3       41%         3
 Tukima's Dance           Hex            5%         N/A       41%         3
 Vampiric Draining        Necr           2%         2d6       41%         3
 Airstrike                Air            5%         N/A       63%         4
 Summon Lightning Spire   Summ/Air       9%         N/A       65%         4
 Lightning Bolt           Conj/Air       9%         1d21      65%         5
 Fireball                 Conj/Fire      8%         3d6       75%         5
 Summon Ice Beast         Ice/Summ       7%         N/A       77%         4
 Ice Form                 Ice/Tmut       5%         N/A       83%         4
 Conjure Ball Lightning   Conj/Air       9%         3x3d6     99%         6
 Orb of Destruction       Conj           13%        9d6       100%        7


Dungeon Overview and Level Annotations

Branches:
Dungeon (7/15)             Temple (1/1) D:6

Altars:
Cheibriados
Dithmenos
Fedhas
Hepliaklqana
Kikubaaqudgha
Makhleb
Nemelex Xobeh
Qazlal
Ru
Sif Muna
Trog
Vehumet
Xom
Yredelemnul
Zin
The Shining One

Shops:
D:2 [   D:5 *

Annotations:
D:6 2 transporters, willcat's ghost, amateur OpDe


Innate Abilities, Weirdness & Mutations

Your serpentine skin is tough. (AC +3)
You have supernaturally acute eyesight. (SInv)
Armour fits poorly on your strangely shaped body.
Your system is resistant to poisons. (rPois)
You cover ground very slowly.
You can spit poison.
You have a snake-like lower body.


Message History

The electric eel shoots out a bolt of lightning at you!
The bolt of electricity hits the electric eel.
The electric eel completely resists.
The bolt of electricity hits you!
The electric eel shoots out a bolt of lightning at you!
The bolt of electricity hits the electric eel.
The electric eel completely resists.
The bolt of electricity hits you! The bolt of electricity misses you.
An electric eel comes into view.
Found 14 gold pieces.
The electric eel shoots out a bolt of lightning at you!
The bolt of electricity hits the electric eel.
The electric eel completely resists.
The bolt of electricity hits you! x2
The electric eel shoots out a bolt of lightning at you!
The bolt of electricity hits the electric eel.
The electric eel completely resists.
The bolt of electricity hits the electric eel.
The electric eel completely resists.
The bolt of electricity hits you!
* * * LOW HITPOINT WARNING * * *
The bolt of electricity misses you.
Casting: Mephitic Cloud (dangerous; 9% risk of failure)
Confirm with . or Enter, or press ? or * to list all spells.
Aiming: Mephitic Cloud (dangerous; 9% risk of failure)
Press: ? - help, Shift-Dir - straight line, p - electric eel The ball explodes into a vile cloud!
The stinking cloud engulfs the electric eel but does no damage. x2
The electric eel is lightly wounded.
The stinking cloud engulfs the electric eel but does no damage.
The electric eel is lightly wounded.
The electric eel is engulfed in noxious fumes.
The electric eel shoots out a bolt of lightning at you!
The bolt of electricity hits you!
* * * LOW HITPOINT WARNING * * *
The bolt of electricity hits you!
* * * LOW HITPOINT WARNING * * *
The electric eel is engulfed in noxious fumes.
The electric eel appears confused.
The electric eel shoots out a bolt of lightning at you!
The bolt of electricity hits the electric eel.
The electric eel completely resists.
The bolt of electricity hits you.
You die...

≈≈≈≈≈≈≈≈≈≈..# ≈≈≈$
≈≈≈≈.≈...≈..# ≈≈≈.
≈≈≈≈≈≈≈≈≈≈..#
♣≈.≈♣♣♣≈.≈♣♣♣≈≈.#
♣≈;; ♣≈.≈♣ ♣≈≈.#
♣♣♣≈≈;♣♣♣≈≈≈♣♣♣≈..#
≈≈≈≈.≈○☼≈≈≈≈≈≈≈≈..#
.≈..;§☼;.≈≈..≈.≈..#
##@..........#
#############


You could see 5 electric eels.

Vanquished Creatures
  Pikel (D:6)
  Grinder (D:6)
  2 orc warriors (D:7)
  2 sky beasts
  2 black bears
  4 ogres
  A necrophage (D:4)
  A centaur (D:6)
  A phantom (D:6)
  A wyvern zombie (D:4)
  A bullfrog (D:6)
  3 gnoll sergeants
  4 scorpions
  A wyvern skeleton (D:7)
  2 electric eels (D:7)
  3 howler monkeys (D:7)
  A bullfrog zombie (D:6)
  2 hounds
  A bullfrog skeleton (D:7)
  A centaur zombie (D:6)
  A gnoll shaman (D:6)
  An orc priest (D:6)
  3 iron imps (D:4)
  4 iguanas
  7 orc wizards
  6 adders
  14 gnolls
  A white imp (D:7)
  3 worms
  2 dart slugs (D:2)
  8 orcs
  11 ball pythons
  3 bats
  5 endoplasms
  3 giant cockroaches
  17 goblins
  13 hobgoblins
  2 jackals (D:4)
  9 kobolds
  4 quokkas
  3 frilled lizards
  5 rats
160 creatures vanquished.

Vanquished Creatures (others)
  33 plants (D:6)
33 creatures vanquished.

Grand Total: 193 creatures vanquished

Notes
Turn   | Place    | Note
-------+----------+-------------------------------------------
     0 | D:1      | zazu2006 the Naga Hedge Wizard began the quest for the Orb.
     0 | D:1      | Reached XP level 1. HP: 15/15 MP: 4/4
   345 | D:1      | Reached XP level 2. HP: 22/22 MP: 3/6
   678 | D:1      | Found a faded altar of an unknown god.
   699 | D:1      | Found a shimmering altar of Xom.
  1400 | D:2      | Reached XP level 3. HP: 28/28 MP: 4/8
  1404 | D:2      | Learned a level 3 spell: Mephitic Cloud
  1408 | D:2      | Learned a level 3 spell: Conjure Flame
  1411 | D:2      | Learned a level 2 spell: Blink
  1783 | D:2      | Found Guatuicw's Armour Shoppe.
  2127 | D:1      | Reached XP level 4. HP: 16/36 MP: 2/10
  3737 | D:3      | Reached XP level 5. HP: 42/42 MP: 9/11
  4348 | D:4      | Noticed an ogre
  4357 | D:4      | Killed an ogre
  4358 | D:4      | Reached skill level 1 in Poison Magic
  4358 | D:4      | Reached XP level 6. HP: 50/50 MP: 5/12
  4967 | D:4      | Found a sparkling altar of Nemelex Xobeh.
  4995 | D:4      | Reached skill level 1 in Fighting
  5193 | D:4      | Noticed a necrophage
  5215 | D:4      | Killed a necrophage
  5216 | D:4      | Reached skill level 1 in Armour
  5555 | D:4      | Reached XP level 7. HP: 43/57 MP: 0/14
  5772 | D:4      | Reached skill level 5 in Spellcasting
  5833 | D:4      | Found a burning altar of Makhleb.
  6210 | D:5      | Entered Level 5 of the Dungeon
  6383 | D:5      | Found Cugod's General Store.
  6397 | D:5      | Bought a scroll of identify for 26 gold pieces
  6448 | D:5      | Reached skill level 4 in Stealth
  6536 | D:5      | Found a sacrificial altar of Ru.
  6697 | D:5      | Reached XP level 8. HP: 19/64 MP: 1/16
  7462 | D:6      | Reached skill level 5 in Conjurations
  7529 | D:6      | HP: 3/64 [bullfrog zombie (4)]
  7888 | D:6      | Reached skill level 5 in Poison Magic
  7926 | D:6      | Found a hazy altar of Hepliaklqana.
  7928 | D:6      | Found a basalt altar of Yredelemnul.
  7935 | D:6      | Noticed Pikel
  7955 | D:6      | Killed Pikel
  7956 | D:6      | Reached skill level 1 in Long Blades
  7956 | D:6      | Reached skill level 5 in Stealth
  7956 | D:6      | Reached XP level 9. HP: 23/73 MP: 7/17
  8459 | D:6      | Noticed willcat's ghost (amateur OpDe)
  8462 | D:6      | Found a transporter.
  8470 | D:6      | Found a transporter.
  9163 | D:6      | Found a staircase to the Ecumenical Temple.
  9179 | Temple   | Entered the Ecumenical Temple
  9336 | Temple   | Became a worshipper of Vehumet
  9405 | D:6      | Reached skill level 1 in Shields
  9557 | D:6      | Noticed Grinder
  9609 | D:6      | Reached skill level 1 in Air Magic
 10081 | D:6      | Killed Grinder
 10082 | D:6      | Reached skill level 6 in Stealth
 10917 | D:7      | Reached skill level 7 in Stealth
 11298 | D:7      | Reached XP level 10. HP: 57/84 MP: 13/20
 11670 | D:7      | Reached * piety under Vehumet
 11670 | D:7      | Offered knowledge of Sandblast by Vehumet.
 11679 | D:7      | HP: 1/84 [electric eel/bolt of electricity (8)]
 11679 | D:7      | Killed from afar by an electric eel

Illustrated notes

Levels and vault maps discovered:
D:1:      amcnicky_arrival_feature_with_door, layout_basic,
          dreamdust_ecumenical_altar_angels_and_demons, kennysheep_minor_cross,
          kennysheep_flooded_box
D:2:      cheibrodos_greedy_goblins, layout_loops_corners, serial_shops,
          nicolae_shop_crystal, minmay_crystal_room
D:3:      layout_loops_cross, minmay_distorted
D:4:      layout_basic, demons_altar, lemuel_crystal_altar,
          kennysheep_pointless_box, serial_park_tiny_1
D:5:      layout_loops_ring, hangedman_ru_absence, serial_shops, shop,
          chequers_serial_rivers_large_a
D:6:      kennysheep_housing_project, layout_basic,
          mainiacjoe_overflow_catwalk_spiral, minmay_temple_entry_butterflies,
          gammafunk_ghost_arena, minmay_misc_feat_tower, uniq_pikel,
          uniq_grinder
D:7:      layout_basic, kennysheep_boxes
Temple:   regret_index_temple_generic_petals

Skill      XL: |  1  2  3  4  5  6  7  8  9 |
---------------+----------------------------+-----
Spellcasting   | 4 5 6 |  6.8
Conjurations   | 2 3 4 5 6 |  6.1
Poison Magic   | 1 2 4 5 |  5.0
Fighting       | 1 2 3 |  3.1
Armour         | 1 2 3 |  3.3
Dodging        | 2 3 |  3.5
Stealth        | 4 5 7 |  7.9
Long Blades    | 1 3 |  3.1
Shields        | 2 |  2.6
Air Magic      | 1 |  1.4
Summonings     | |  1.0
Translocations | |  1.4
Evocations     | |  0.8

Action                   |  1- 3 |  4- 6 |  7- 9 | 10-12 || total
-------------------------+-------+-------+-------+-------++-------
Melee: Dagger            |     9 |    19 |     3 |       ||    31
       Falchion          |       |       |    95 |       ||    95
       Long sword        |       |       |    41 |     1 ||    42
 Cast: Magic Dart        |    76 |   147 |   234 |    16 ||   473
       Blink             |       |     1 |     4 |       ||     5
       Conjure Flame     |       |     2 |     4 |       ||     6
       Mephitic Cloud    |       |       |    25 |     6 ||    31
 Abil: Spit Poison       |     8 |    11 |    34 |       ||    53
Evoke: Wand              |       |       |     5 |       ||     5
 Stab: Paralysed         |       |       |    13 |       ||    13
       Confused          |       |       |     9 |       ||     9
Armor: Robe              |     4 |     5 |       |       ||     9
       Leather armour    |       |     7 |    52 |     1 ||    60
Dodge: Dodged            |    21 |    23 |    69 |     5 ||   118
Block: Other             |       |       |    33 |       ||    33
       Buckler           |       |       |    21 |       ||    21
       Reflection        |       |       |     3 |       ||     3

Table legend: (Time is in decaauts)
 A = Elapsed time spent in this place.
 B = Non-inter-level travel time spent in this place.
 C = Inter-level travel time spent in this place.
 D = Time resting spent in this place.
 E = Time spent auto-exploring this place.
 F = Levels seen in this place.
 G = Mean time per level.
                   A        B        C        D        E       F      G
               +--------+--------+--------+--------+--------+-----+--------+
         Total |  13884 |  13558 |    326 |   2722 |   8911 |   8 | 1735.5 |
       Dungeon |  13643 |  13342 |    301 |   2722 |   8708 |   7 | 1949.0 |
        Temple |    241 |    217 |     24 |      0 |    203 |   1 |  241.0 |
               +--------+--------+--------+--------+--------+-----+--------+

Top non-repeatable levels by time:
     D:6: 3589 daAuts
     D:4: 2219 daAuts
     D:1: 2176 daAuts
     D:2: 1803 daAuts
     D:5: 1403 daAuts
     D:3: 1250 daAuts
     D:7: 1200 daAuts
  Temple: 241 daAuts
